 Dungeon Crawl Stone Soup version 0.21.1-1-g345015fe64 (webtiles) character file.

606 Loge the Chopper (level 7, -7/61 HPs)
             Began as a Minotaur Berserker on July 13, 2018.
             Was a Priest of Trog.
             Mangled by an orc wizard
             ... wielding a +0 dagger of electrocution
              (20 damage)
             ... on level 4 of the Dungeon.
             The game lasted 00:07:11 (2541 turns).

Loge the Chopper (Minotaur Berserker)               Turns: 2541, Time: 00:07:12

Health: -7/61      AC: 13    Str: 24    XL:     7   Next: 19%
Magic:  6/6        EV:  8    Int:  4    God:    Trog [***...]
Gold:   141        SH:  0    Dex:  9    Spells: 6/6 levels left

rFire    . . .     SeeInvis .   a - +0 hand axe
rCold    . . .     Gourm    .   (no shield)
rNeg     . . .     Faith    .   k - +0 plate armour (curse)
rPois    .         Spirit   .   (helmet restricted)
rElec    .         Reflect  .   (no cloak)
rCorr    .         Harm     .   (no gloves)
MR       .....                  d - +0 pair of boots (curse)
Stlth    ..........             (no amulet)
HPRegen  0.20/turn              (no ring)
MPRegen  0.10/turn              (no ring)

@: no status effects
A: retaliatory headbutt, horns 2
a: Berserk, Trog's Hand, Burn Spellbooks, Renounce Religion


You were on level 4 of the Dungeon.
You worshipped Trog.
Trog was most pleased with you.
You were hungry.

You visited 1 branch of the dungeon, and saw 4 of its levels.

You collected 141 gold pieces.

Inventory:

Hand Weapons
 a - a +0 hand axe (weapon)
Missiles
 m - 12 arrows
 p - 33 stones (quivered)
 v - 2 javelins
Armour
 d - a cursed +0 pair of boots (worn)
 k - a cursed +0 plate armour (worn)
 y - the +2 pair of boots of Duty {-Cast rN+++ rCorr Int+4, unknown}
   (You found it on level 4 of the Dungeon)

   It affects your intelligence (+4).
   It renders you almost immune to negative energy.
   It prevents spellcasting.
   It protects you from acid and corrosion.
Jewellery
 g - an uncursed ring of ice
Scrolls
 h - 4 scrolls of identify {unknown}
 j - 2 scrolls of fear {unknown}
 n - a scroll of noise
 o - 2 scrolls of teleportation {unknown}
 s - a scroll of blinking {unknown}
 u - a scroll of amnesia {unknown}
Potions
 b - 2 potions of lignification {unknown}
 e - 3 potions of ambrosia {unknown}
 f - a potion of cancellation {unknown}
 i - a potion of haste {unknown}
 l - 2 potions of might {unknown}
 q - a potion of heal wounds {unknown}
 r - a potion of flight {unknown}
 w - 2 potions of curing {unknown}
 x - a potion of agility {unknown}
 z - a potion of berserk rage {unknown}
 A - a potion of invisibility {unknown}
 B - a potion of mutation {unknown}
Comestibles
 c - 10 rations


   Skills:
 + Level 5.5 Fighting
 * Level 6.9 Axes
 + Level 4.7 Armour
 + Level 4.3 Dodging


You had 6 spell levels left.
You didn't know any spells.

Dungeon Overview and Level Annotations

Branches:
Dungeon (4/15)
 Temple: D:4-7

Altars:
Ashenzari
Dithmenos
Hepliaklqana
Zin


Innate Abilities, Weirdness & Mutations

You reflexively headbutt those who attack you in melee.
You have a pair of horns on your head.


Message History

The orc wizard hits you but does no damage.
You are electrocuted!
You are too injured to fight recklessly!
You are feeling hungry.
You closely miss the orc wizard. Your headbutt misses the orc wizard.
The orc wizard barely misses you.
You slash the orc wizard!
The orc wizard is heavily wounded.
The orc wizard mumbles some strange words.
The orc wizard flickers and vanishes!
Deactivating autopickup; reactivate with Ctrl-A.
Your plate armour prevents you from hitting something.
Something hits you but does no damage.
You hit something but do no damage. You miss something. You headbutt something!
Something hits you but does no damage.
You are electrocuted!
* * * LOW HITPOINT WARNING * * *
You closely miss something. Something hits you but does no damage.
You are electrocuted!
You die...

#. #...##......# #
#...#...#..)....### #
+...+.............# #
#...#####.####..#.#####
#......##.......#......
#..!...##.......#######
#............# #
.####............# #
......{@...#+###.# #
......)....# #.#######
...............
........
+#......##..###
######## ............#
# ............# #
.........#..#
........##..# #...##
#####


There were no monsters in sight!

Vanquished Creatures
  Grinder (D:3)
  Sigmund (D:3)
  An orc priest (D:4)
  A centaur skeleton (D:4)
  An orc wizard (D:4)
  4 gnolls (D:2)
  3 adders (D:2)
  A worm (D:3)
  2 dart slugs
  5 leopard geckos
  9 orcs
  2 ball pythons
  5 bats
  7 giant cockroaches
  9 goblins
  6 hobgoblins
  2 jackals (D:2)
  7 kobolds
  2 quokkas (D:2)
  4 frilled lizards
  10 rats
83 creatures vanquished.

Notes
Turn   | Place    | Note
-------+----------+-------------------------------------------
     0 | D:1      | Loge the Minotaur Berserker began the quest for the Orb.
     0 | D:1      | Reached XP level 1. HP: 19/19 MP: 0/0
    94 | D:1      | Reached XP level 2. HP: 23/27 MP: 1/1
   150 | D:1      | Reached skill level 4 in Axes
   591 | D:2      | Reached XP level 3. HP: 31/33 MP: 2/2
   673 | D:2      | Reached ** piety under Trog
   926 | D:2      | Reached XP level 4. HP: 37/40 MP: 3/3
  1269 | D:2      | Reached skill level 5 in Axes
  1677 | D:3      | Found a shattered altar of Ashenzari.
  1678 | D:3      | Found a glowing silver altar of Zin.
  1698 | D:3      | Found a hazy altar of Hepliaklqana.
  1710 | D:3      | Found a shadowy altar of Dithmenos.
  1714 | D:3      | Reached XP level 5. HP: 47/47 MP: 4/4
  1729 | D:3      | Noticed Grinder
  1730 | D:3      | Paralysed by Grinder for 6 turns
  1768 | D:3      | Killed Grinder
  1768 | D:3      | Reached skill level 5 in Fighting
  1768 | D:3      | Reached skill level 6 in Axes
  1768 | D:3      | Reached XP level 6. HP: 42/56 MP: 5/5
  1836 | D:3      | Noticed Sigmund
  1838 | D:3      | Reached *** piety under Trog
  1845 | D:3      | Killed Sigmund
  2160 | D:3      | Reached XP level 7. HP: 61/61 MP: 6/6
  2472 | D:4      | Got a pair of distressingly furry boots
  2541 | D:4      | Mangled by an orc wizard

Skill      XL: |  1  2  3  4  5  6 |
---------------+-------------------+-----
Axes           | 4 5 6 |  6.9
Fighting       | 4 5 |  5.5
Armour         | 3 4 |  4.7
Dodging        | 3 4 |  4.3

Action                   |  1- 3 |  4- 6 |  7- 9 || total
-------------------------+-------+-------+-------++-------
Melee: Hand axe          |    72 |    95 |    36 ||   203
       Headbutt          |    10 |    11 |    11 ||    32
Invok: Trog's Hand       |       |     1 |       ||     1
       Berserk           |       |     1 |       ||     1
  Use: Scroll            |       |       |     1 ||     1
  Eat: Chunk             |       |     5 |     1 ||     6
Armor: Animal skin       |     7 |       |       ||     7
       Plate armour      |    19 |    57 |    19 ||    95
Dodge: Dodged            |    33 |    40 |     5 ||    78
